 Dungeon Crawl Stone Soup version 0.31.0-12-g77e489cdc1 (webtiles) character file.

Game seed: 206686994618603832

377 hawla the Trooper (level 6, 0/56 HPs)
             Began as a Minotaur Fighter on Feb 16, 2024.
             Slain by Natasha (3 damage)
             ... on level 4 of the Dungeon.
             The game lasted 00:04:02 (2635 turns).

hawla the Trooper (Minotaur Fighter)                Turns: 2635, Time: 00:04:02

Health: 0/56       AC:  9    Str: 22    XL:     6   Next: 45%
Magic:  5/5        EV:  9    Int:  5    God:
Gold:   195        SH:  5    Dex: 10    Spells: 5/5 levels left

rFire   . . .        a - +0 war axe
rCold   . . .        c - +0 buckler
rNeg    . . .        k - +0 chain mail
rPois   .            (helmet restricted)
rElec   .            (no cloak)
rCorr   .            (no gloves)
SInv    .            (no boots)
Will    .....        (no amulet) Stlth
                     (no ring)
HPRegen 0.29/turn    (no ring)
MPRegen 0.09/turn

%: no passive effects
@: about to teleport, hasted, very quick
A: horns 2, retaliatory headbutt
a: no special abilities


You were on level 4 of the Dungeon.
You visited 1 branch of the dungeon, and saw 4 of its levels.

You collected 195 gold pieces.

Inventory:

Hand Weapons
 a - a +0 war axe (weapon)
Missiles
 h - 5 poisoned darts (quivered)
Armour
 c - a +0 buckler (worn)
 k - a +0 chain mail (worn)
Scrolls
 b - 2 scrolls of identify {unknown}
 e - a scroll of teleportation
Potions
 d - a potion of might
 g - a potion of invisibility {unknown}
 i - a potion of heal wounds {unknown}
 j - 2 potions of cancellation {unknown}


   Skills:
 - Level 5.0 Fighting
 - Level 2.4 Axes
 + Level 3.5 Throwing
 - Level 3.6 Armour
 + Level 3.8 Dodging
 - Level 5.0 Shields


You had 5 spell levels left.
You didn't know any spells.
Your spell library was empty.

Dungeon Overview and Level Annotations

Branches:
Dungeon (4/15)
 Temple: D:4-7

Altars:
The Shining One

Annotations:
D:4 Grinder, Natasha


Innate Abilities, Weirdness & Mutations

You have a pair of horns on your head.
You reflexively headbutt those who attack you in melee.


Message History

You block the cerulean imp's attack.
The cerulean imp hits you from afar with a +1 spear.
Pargi snarls, "Go!
Away!"
Pargi bites you. Pargi closely misses you. Pargi barely misses you.
The cerulean imp barely misses you.
You slash Pargi!
Pargi is almost dead.
The cerulean imp hits you from afar with a +1 spear.
The cerulean imp hits you but does no damage.
Pargi snarls, "My home!
Leave!"
You block Pargi's attack. Pargi closely misses you. Pargi barely misses you.
The cerulean imp hits you but does no damage. x2
The cerulean imp hits you from afar with a +1 spear.
* * * LOW HITPOINT WARNING * * *
As you read the scroll of teleportation, it crumbles to dust.
You feel strangely unstable. Pargi bites you but does no damage.
Pargi claws you but does no damage. x2
The cerulean imp hits you from afar with a +2 spear.
* * * LOW HITPOINT WARNING * * *
The cerulean imp hits you but does no damage.
You hit Pargi.
You kill Pargi!
The cerulean imp disappears in a puff of smoke!
The cerulean imp hits you from afar with a +2 spear.
* * * LOW HITPOINT WARNING * * *
The cerulean imp hits you but does no damage.
Natasha claws you but does no damage.
Grinder blinks!
You hit Natasha. You headbutt Natasha.
Natasha is heavily wounded.
The cerulean imp hits you but does no damage.
The cerulean imp hits you from afar with a +0 spear.
* * * LOW HITPOINT WARNING * * *
Natasha growls.
Natasha claws you.
* * * LOW HITPOINT WARNING * * *
The cerulean imp barely misses you.
It was a potion of haste.
You feel yourself speed up. You block the cerulean imp's attack.
Natasha claws you.
You die...
Natasha curls up and begins to purr.

..#............
......5...#............
.
.........#............
..
........#............
...
...§...#######'##...
... ..... #.##### .. ..
5.§ #.# ....#+#5#h# #.#
.........@# #.#
......#.#.##.# #####.#
....# #.####.# #.....#
### #.# #.# #.##### #.#
#.# #.# #.# #.# #.###
#.# #.# #...#
#.####.#####.#
#######............#


You could see Grinder, Natasha and 2 cerulean imps.

Vanquished Creatures
  Pargi (D:4)
  An ogre (D:4)
  Terence (D:2)
  An iguana (D:4)
  2 orc wizards (D:3)
  2 adders
  5 dart slugs
  5 orcs (D:3)
  3 endoplasms
  A giant cockroach (D:1)
  8 goblins
  5 hobgoblins
  2 jackals (D:3)
  5 kobolds
  6 quokkas
  8 ball pythons
  6 bats
  5 frilled lizards
  6 rats
73 creatures vanquished.

Notes
Turn   | Place    | Note
-------+----------+-------------------------------------------
     0 | D:1      | hawla the Minotaur Fighter began the quest for the Orb.
     0 | D:1      | Reached XP level 1. HP: 19/19 MP: 0/0
   133 | D:1      | Reached XP level 2. HP: 20/28 MP: 1/1
   357 | D:1      | Reached skill level 5 in Fighting
   439 | D:1      | Reached XP level 3. HP: 36/36 MP: 2/2
   921 | D:2      | Noticed Terence
   928 | D:2      | Killed Terence
  1015 | D:2      | Reached XP level 4. HP: 41/42 MP: 3/3
  1036 | D:2      | Found a glowing golden altar of the Shining One.
  1198 | D:2      | Reached skill level 5 in Shields
  1735 | D:3      | Reached skill level 1 in Dodging
  1932 | D:3      | Reached skill level 1 in Throwing
  1939 | D:3      | Reached XP level 5. HP: 35/48 MP: 4/4
  2398 | D:4      | Noticed an ogre
  2408 | D:4      | Killed an ogre
  2412 | D:4      | Reached XP level 6. HP: 36/56 MP: 5/5
  2613 | D:4      | Noticed Grinder
  2613 | D:4      | Paralysed by Grinder for 2 turns
  2616 | D:4      | Noticed Pargi
  2617 | D:4      | Noticed Natasha
  2618 | D:4      | Paralysed by Grinder for 3 turns
  2633 | D:4      | Killed Pargi
  2634 | D:4      | HP: 2/56 [Natasha (5)]
  2635 | D:4      | Slain by Natasha

Illustrated notes

Levels and vault maps discovered:
D:1:      dpeg_arrival_water_temple_mockup, layout_basic
D:2:      layout_loops_ring, basic_altar, uniq_terence
D:3:      minmay_evil_eye, layout_loops_ring, minmay_cupped
D:4:      layout_basic, uniq_natasha, uniq_pargi, uniq_grinder

Skill      XL: |  1  2  3  4  5  6 |
---------------+-------------------+-----
Fighting       | 4 5 |  5.0
Shields        | 4 5 |  5.0
Dodging        | 2 3 |  3.8
Throwing       | 1 2 3 |  3.5
Axes           | |  2.4
Armour         | |  3.6

Action                     |  1- 3 |  4- 6 || total
---------------------------+-------+-------++-------
  Melee: War axe           |    61 |    96 ||   157
         Headbutt          |     7 |    16 ||    23
  Throw: Dart              |       |     5 ||     5
    Use: Scroll            |     2 |     2 ||     4
         Potion            |       |     1 ||     1
 Armour: Scale mail        |    50 |     7 ||    57
         Chain mail        |       |    94 ||    94
  Dodge: Dodged            |    24 |    56 ||    80
  Block: Buckler           |     8 |    27 ||    35
